 Dungeon Crawl Stone Soup version 0.31-a0-865-g3d5d91748a (console) character file.

Game seed: 7223856283327012207

28 petzl the Sneak (level 3, -5/29 HPs)
             Began as a Formicid Delver on Oct 10, 2023.
             Slain by a sleepcap (18 damage)
             ... on level 4 of the Dungeon.
             The game lasted 00:02:16 (612 turns).

petzl the Sneak (Formicid Delver)                    Turns: 612, Time: 00:02:17

Health: -5/29      AC:  3    Str: 16    XL:     3   Next: 27%
Magic:  7/7        EV:  2    Int: 11    God:
Gold:   40         SH:  0    Dex: 15    Spells: 7/7 levels left

rFire   . . .        a - +0 mace
rCold   . . .        (no shield)
rNeg    . . .        b - +0 leather armour
rPois   .            (helmet unavailable)
rElec   .            (no cloak)
rCorr   .            (no gloves)
SInv    +            (no boots)
Will    .....        (no amulet)
Stlth   +++          (no ring)
HPRegen 0.24/turn    (no ring)
MPRegen 0.10/turn

%: no passive effects
@: sleeping
A: permanent stasis, dig shafts and tunnels, antennae 3, four strong arms
a: Dig, Shaft Self


You were on level 4 of the Dungeon.
You visited 1 branch of the dungeon, and saw 3 of its levels.

You collected 40 gold pieces.

Inventory:

Hand Weapons
 a - a +0 mace (weapon)
Armour
 b - a +0 leather armour (worn)
Wands
 f - a wand of digging (3)
Scrolls
 c - a scroll of fog
 d - a scroll of revelation
 e - a scroll of fear
Potions
 g - a potion of degeneration {unknown}


   Skills:
 - Level 3.2 Fighting
 - Level 2.0 Maces & Flails
 - Level 1.7 Dodging
 - Level 6.0 Stealth
 + Level 2.6 Spellcasting


You had 7 spell levels left.
You didn't know any spells.
Your spell library was empty.

Dungeon Overview and Level Annotations

Branches:
Dungeon (6/15)
 Temple: D:4-7

Altars:

Annotations:
D:4 exclusion: 3 sensed monsters (detected)
D:5 exclusion: sensed monster (detected)


Innate Abilities, Weirdness & Mutations

You cannot be hasted, slowed, berserked, paralysed or teleported.
You can dig through walls and to a lower floor.
You have a pair of large antennae on your head. (SInv)
Your four strong arms can wield two-handed weapons with a shield.


Message History

You feel sick.
You are no longer poisoned.
You have reached level 3!
Your experience leads to an increase in your attributes!
Increase (S)trength, (I)ntelligence, or (D)exterity?
You feel clever. x2
Unknown command.
You start resting.
You hear the brisk hiss of a very distant avalanche of sand.
You start resting.
HP restored.
You see here an adder skeleton.
Found an escape hatch in the floor.
Press: ? - help, . - travel You can't see that place.
Placed new exclusion.
Unknown command.
You hear the brisk hiss of a very distant avalanche of sand.
Found a scroll labelled EGAUQA VAME.
You see here a +0 dagger {!f =f}.
You hit the sleepcap.
The sleepcap is lightly damaged.
The sleepcap misses you. The sleepcap releases spores at you.
You hit the sleepcap.
The sleepcap is lightly damaged.
The sleepcap releases spores at you.
You hit the sleepcap.
The sleepcap is moderately damaged.
The sleepcap misses you.
You hit the sleepcap.
The sleepcap is heavily damaged.
The sleepcap releases spores at you.
You sock the sleepcap!
The sleepcap is severely damaged.
The sleepcap closely misses you. The sleepcap releases spores at you!
You are engulfed in a cloud of soporific spores!
You fall asleep.
The sleepcap releases spores at you!!
Ouch! That really hurt!
You die...

#..#....#...##...########.#
#....###########.# #.# #.##
#....# #.# #.# # #.##.# #.#
#.# { #.##.#####.# #.#
#.##.......# #.#
#....#.##### #.# #....[.#
#.# ##.#.#.# ##.### #...#.#
###..#.. #####.###
###...##.#
#....#####...####.#
#....#.....### #.#
#......##########.#
#.....## #......
######.#).#######.#####
#........###...........
#........# #.########.#
#.@......##. #........#
#f...?...#. #[########
######..... #........#
#.##.## ########.# #.# .#
........# .# # .######## {
{


You could see a sleepcap.

Vanquished Creatures
  3 adders (D:4)
  A ball python (D:4)
4 creatures vanquished.

Notes
Turn   | Place    | Note
-------+----------+-------------------------------------------
     0 | D:5      | petzl the Formicid Delver began the quest for the Orb.
     0 | D:5      | Reached XP level 1. HP: 18/18 MP: 1/1
   205 | D:4      | Reached skill level 1 in Spellcasting
   205 | D:4      | Reached XP level 2. HP: 10/24 MP: 1/4
   283 | D:5      | Noticed an ogre
   506 | D:4      | Reached XP level 3. HP: 17/29 MP: 7/7
   612 | D:4      | Slain by a sleepcap

Illustrated notes

Levels and vault maps discovered:
D:4:      layout_basic, gup_ossuary_entry_pyramid, minivault_27
D:5:      layout_basic
D:6:      layout_basic, general_overflow_altar, minmay_temple_entry_butterflies,
          serial_rivers, chequers_serial_rivers_micro_d,
          chequers_serial_rivers_small_a, chequers_serial_rivers_small_3,
          chequers_serial_rivers_micro_b, chequers_serial_rivers_micro_b,
          grunt_ministairs_15, hex_intersection, minmay_misc_feat_cross

Skill      XL: |  1  2 |
---------------+-------+-----
Spellcasting   | 1 2 |  2.6
Fighting       | |  3.2
Maces & Flails | |  2.0
Dodging        | |  1.7
Stealth        | |  6.0

Action                     || total
---------------------------++-------
  Melee: Mace              ||    29
 Armour: Leather armour    ||    23
  Dodge: Dodged            ||    25

Table legend: (Time is in decaauts)
 A = Elapsed time spent in this place.
 B = Non-inter-level travel time spent in this place.
 C = Inter-level travel time spent in this place.
 D = Time resting spent in this place.
 E = Time spent auto-exploring this place.
 F = Levels seen in this place.
 G = Mean time per level.
                   A        B        C        D        E       F      G
               +--------+--------+--------+--------+--------+-----+--------+
         Total |    620 |    620 |      0 |     87 |    279 |   3 |  206.7 |
       Dungeon |    620 |    620 |      0 |     87 |    279 |   3 |  206.7 |
               +--------+--------+--------+--------+--------+-----+--------+

Top non-repeatable levels by time:
     D:4: 432 daAuts
     D:5: 167 daAuts
     D:6: 19 daAuts
